Map: [TLMC15] Hardwire

Players

Solar - Winner!

  • Race: Zerg Zerg

Reynor

  • Race: Zerg Zerg

Event: DreamHack SC2 Masters Last Chance 2022

VOD

Have the link to the VOD?

Description

Time

  • Played on: Jan. 15, 2022, 8:07 a.m.
  • Length: 7:36

All games in this series

Show
View Real Time Build Order
Export as new Build Order

Solar Zerg - Winner!

Build Orders: Pool First 

Get SALT Encoding   

  12  0:17  Spawning Pool  
  11  0:22  Drone  
  11  0:26  Drone  
  13  0:30  Drone  
  14  0:39  Overlord  
  16  1:04  Zergling x4  
  16  1:05  Zergling x2  
  17  1:15  Zergling x2  
  18  1:20  Hatchery  
  18  1:24  Spine Crawler  
  17  1:27  Zergling x2  
  18  1:37  Zergling x2  
  19  1:41  Hatchery  
  18  1:48  Zergling x2  
  19  1:57  Queen  
  21  2:05  Overlord  
  21  2:10  Drone  
  22  2:24  Drone  
  22  2:31  Drone  
  21  2:39  Queen  
  21  2:41  Drone  
  22  2:55  Drone  
Show
View Real Time Build Order
Export as new Build Order

Reynor Zerg 

Build Orders: Hatch First 

Get SALT Encoding   

  12  0:00  Drone  
  13  0:12  Overlord  
  13  0:17  Drone  
  14  0:30  Drone  
  14  0:31  Drone  
  16  0:48  Hatchery  
  15  0:52  Drone  
  15  0:55  Drone  
  17  0:59  Drone  
  18  1:09  Extractor  
  17  1:14  Spawning Pool  
  17  1:16  Drone  
  17  1:20  Drone  
  18  1:28  Drone  
  19  2:02  Zergling x8, Queen, Spine Crawler  
  19  2:03  Queen  
  26  2:12  Zergling x2  
  28  2:17  Overlord  
  14  2:51  Drone  

Tags
 
Add a new tag
Caveats
  • Supply blocks, unpowered buildings, or Contaminate may cause inaccurate times.
  • Supply counts are checked every 10 seconds.